 Dungeon Crawl Stone Soup version 0.29-a0-414-g5075937ec3 (webtiles) character file.

Game seed: 15643611869573872150

1159 bande the Chopper (level 8, -1/49 HPs)
             Began as a Gargoyle Fighter on May 16, 2022.
             Was a Follower of Okawaru.
             Slain by an orc warrior
             ... wielding a +0 hand axe
              (5 damage)
             ... on level 6 of the Dungeon.
             The game lasted 00:10:28 (5157 turns).

bande the Chopper (Gargoyle Fighter)                Turns: 5157, Time: 00:10:29

Health: -1/49      AC: 21    Str: 20    XL:     8   Next: 39%
Magic:  10/10      EV:  5    Int:  9    God:    Okawaru [*.....]
Gold:   285        SH: 10    Dex: 11    Spells: 7/7 levels left

rFire   . . .      SeeInvis .   a - +1 war axe
rCold   . . .      Faith    .   c - +0 buckler
rNeg    + . .      Spirit   .   u - +0 plate armour
rPois   ∞          Reflect  +   (no helmet)
rElec   +          Harm     .   (no cloak)
rCorr   .          Rampage  .   s - +2 pair of gloves
Will    .....                   (no boots)
Stlth   ..........              h - amulet of reflection
HPRegen 0.16/turn               (no ring)
MPRegen 0.12/turn               (no ring)

@: no status effects
A: sickness immunity, AC +5, negative energy resistance 1, electricity
resistance, torment resistance 1, petrification resistance
a: Renounce Religion, Heroism


You were on level 6 of the Dungeon.
You worshipped Okawaru.
Okawaru was aware of your devotion.
You visited 1 branch of the dungeon, and saw 6 of its levels.

You collected 285 gold pieces.

Inventory:

Hand Weapons
 a - a +1 war axe (weapon)
 b - the +3 mace of Tioneor {vorpal, rF+ Will++}
   (You found it on level 4 of the Dungeon)

   It inflicts extra damage upon your enemies.
   rF:        It protects you from fire.
   Will:      It greatly increases your willpower.
Missiles
 e - a throwing net (quivered)
Armour
 c - a +0 buckler (worn)
 s - a +2 pair of gloves (worn)
 u - a +0 plate armour (worn)
Jewellery
 h - an amulet of reflection (around neck)
Wands
 j - a wand of flame (7)
 r - a wand of polymorph (11)
Scrolls
 o - a scroll of enchant armour
 t - a scroll of poison {unknown}
Potions
 d - a potion of might
 f - a potion of attraction {unknown}
 g - a potion of haste {unknown}
 i - 4 potions of curing
 k - 2 potions of flight
 l - a potion of berserk rage {unknown}
 m - a potion of cancellation {unknown}
 n - 2 potions of brilliance
 p - a potion of resistance {unknown}
 q - 2 potions of heal wounds


   Skills:
 + Level 5.2 Fighting
 + Level 5.6 Axes
 + Level 5.5 Armour
 + Level 4.4 Shields
 * Level 3.0 Invocations
 * Level 2.9 Evocations


You had 7 spell levels left.
You didn't know any spells.
Your spell library contained the following spells:

 Spells                   Type           Power      Damage    Failure   Level
 Apportation              Tloc           0%         N/A       100%        1
 Pain                     Necr           0%         1d4       100%        1
 Sandblast                Erth           0%         2d4       100%        1
 Passwall                 Tmut/Erth      0%         N/A       100%        2
 Confusing Touch          Hex            0%         N/A       100%        3
 Stone Arrow              Conj/Erth      0%         3d7       100%        3
 Vampiric Draining        Necr           0%         2d6       100%        3
 Passage of Golubria      Tloc           0%         N/A       100%        4
 Yara's Violent Unravell  Hex/Tmut       0%         3d3       100%        5
 Dispersal                Tloc           0%         N/A       100%        6
 Enfeeble                 Hex            0%         N/A       100%        7
 Disjunction              Tloc           0%         N/A       100%        8
 Animate Skeleton         Necr           Unusable   N/A       N/A         1
 Summon Small Mammal      Summ           Unusable   N/A       N/A         1
 Tukima's Dance           Hex            Unusable   N/A       N/A         3

Dungeon Overview and Level Annotations

Branches:
Dungeon (6/15)
 Temple: D:4-7

Altars:
Dithmenos
Hepliaklqana
Makhleb
Okawaru


Innate Abilities, Weirdness & Mutations

You are immune to sickness and miasma.
Your stone body is resilient. (AC +5)
You are immune to poison.
You resist negative energy. (rN+)
You are resistant to electric shocks. (rElec)
You are resistant to unholy torment.
You are immune to petrification.


Message History

The orc warrior hits you but does no damage.
You hit the orc warrior but do no damage.
The orc warrior is moderately wounded.
You block the orc warrior's attack.
You closely miss the orc warrior.
The orc warrior is moderately wounded.
You block the orc warrior's attack.
The orc priest invokes the aid of Beogh against you.
Beogh smites you!
You are too injured to fight recklessly!
You are too injured to fight recklessly!
You are too injured to fight recklessly!
You are too injured to fight recklessly!
You are too injured to fight recklessly!
You are too injured to fight recklessly!
You are too injured to fight recklessly!
Unknown command.
The orc warrior hits you with a +0 hand axe.
The orc priest calls upon Beogh to heal the orc warrior.
The orc warrior is healed somewhat.
The orc priest invokes the aid of Beogh against you.
Beogh smites you!
* * * LOW HITPOINT WARNING * * *
The orc priest calls upon Beogh to heal the orc warrior.
The orc warrior's wounds heal themselves!
The orc warrior attacks as you move away!
The orc warrior hits you but does no damage.
The orc warrior attacks as you move away!
The orc warrior hits you but does no damage.
The orc warrior attacks as you move away!
You block the orc warrior's attack.
The orc warrior attacks as you move away!
The orc warrior hits you with a +0 hand axe.
* * * LOW HITPOINT WARNING * * *
The orc warrior closely misses you.
The orc warrior attacks as you move away!
The orc warrior hits you but does no damage.
The orc warrior attacks as you move away!
The orc warrior hits you with a +0 hand axe.
You die...

....♣..♣♣♣≈≈...♣ #.##
..P..♣≈♣≈≈≈≈♣..# #####..####
.....♣≈≈≈≈≈≈..P######.........##.
...♣.♣≈≈♣≈♣.PP#....oo.o........'.
.....♣≈♣≈≈..♣###.####.###...#.##.
.......PP..P# ##.###.# #.[##
........##.## ##.##.# ##.#
#...##.####.## ##o###.# .#
.......# ##.###@## #.# .#
#####.## #..#.## #.. .. # #.#
#.#.## ### .# # #.# #.### # #.#
#.# #####.# #.# ......######.#
##...........# ##..##########


You could see an orc warrior.

Vanquished Creatures
  A shadow (D:5)
  An orc warrior (D:6)
  2 ogres
  A centaur (D:6)
  A phantom (D:5)
  A bullfrog (D:6)
  A necrophage (D:6)
  A scorpion (D:6)
  A hound (D:4)
  An orc priest (D:5)
  2 iguanas
  An orc wizard (D:5)
  Ijyb (D:5)
  6 adders
  7 gnolls
  A worm (D:2)
  2 dart slugs
  26 orcs
  An endoplasm (D:3)
  7 giant cockroaches
  6 hobgoblins
  2 jackals (D:3)
  5 quokkas
  7 ball pythons
  3 bats
  5 frilled lizards
  6 goblins
  4 kobolds
  5 rats
108 creatures vanquished.

Vanquished Creatures (others)
  8 plants (D:3)
8 creatures vanquished.

Grand Total: 116 creatures vanquished

Notes
Turn   | Place    | Note
-------+----------+-------------------------------------------
     0 | D:1      | bande the Gargoyle Fighter began the quest for the Orb.
     0 | D:1      | Reached XP level 1. HP: 14/14 MP: 1/1
   271 | D:1      | Reached XP level 2. HP: 16/19 MP: 2/2
   728 | D:2      | Reached XP level 3. HP: 11/24 MP: 3/3
  1091 | D:2      | Reached XP level 4. HP: 26/29 MP: 4/4
  1898 | D:3      | Found a burning altar of Makhleb.
  2009 | D:3      | Found a faded altar of an unknown god.
  2052 | D:3      | Reached XP level 5. HP: 29/33 MP: 5/5
  2319 | D:3      | Noticed an ogre
  2328 | D:3      | Killed an ogre
  2329 | D:3      | Reached skill level 1 in Evocations
  2498 | D:3      | Reached XP level 6. HP: 28/38 MP: 6/6
  2711 | D:4      | Found an iron altar of Okawaru.
  2720 | D:4      | Identified the +3 mace of Tioneor {vorpal, rF+ Will++}
  2725 | D:4      | Became a worshipper of Warmaster Okawaru
  2757 | D:4      | Found a hazy altar of Hepliaklqana.
  2758 | D:4      | Found a shadowy altar of Dithmenos.
  2758 | D:4      | Noticed a shadow
  3140 | D:5      | Entered Level 5 of the Dungeon
  3157 | D:5      | Noticed Ijyb
  3159 | D:5      | Reached skill level 1 in Invocations
  3301 | D:5      | Killed Ijyb
  3420 | D:5      | Reached XP level 7. HP: 37/44 MP: 6/8
  3555 | D:5      | Noticed a shadow
  3568 | D:5      | Killed a shadow
  3649 | D:5      | Reached * piety under Okawaru
  4024 | D:5      | Reached skill level 5 in Axes
  4177 | D:6      | Reached skill level 5 in Armour
  4193 | D:6      | Reached skill level 5 in Fighting
  4193 | D:6      | Reached XP level 8. HP: 42/49 MP: 9/9
  5138 | D:6      | Identified the ring "Ruig" {Will+ rCorr EV+4 Str+3 Slay-2}
  5157 | D:6      | Slain by an orc warrior

Illustrated notes

Levels and vault maps discovered:
D:1:      dpeg_arrival_simpleton_b, layout_rooms, roderic_malta_cross,
          minivault_26
D:2:      layout_rooms, minmay_fractal_squares_gapless_5
D:3:      layout_basic, bloody_makhleb, ebering_ecumenical_altar_hall,
          nicolae_grassy_gnolls
D:4:      layout_rooms, riverfiend_overflow_shadow_ancestor,
          okawaru_ov_weapons_minmay
D:5:      layout_basic, uniq_ijyb
D:6:      layout_loops_corners, minmay_temple_entry_butterflies,
          kennysheep_doodads, serial_bayou_pond_a, palyth_stone_intersect

Skill      XL: |  1  2  3  4  5  6  7  8 |
---------------+-------------------------+-----
Axes           | 2 3 4 5 |  5.6
Fighting       | 4 5 |  5.2
Armour         | 4 5 |  5.5
Shields        | 4 |  4.4
Evocations     | 1 2 |  2.9
Invocations    | 1 2 3 |  3.0

Action                   |  1- 3 |  4- 6 |  7- 9 || total
-------------------------+-------+-------+-------++-------
Melee: War axe           |    98 |   156 |    74 ||   328
  Use: Scroll            |       |    12 |     5 ||    17
Armor: Scale mail        |    44 |    37 |       ||    81
       Chain mail        |       |    64 |    30 ||    94
       Plate armour      |       |       |    18 ||    18
Dodge: Dodged            |    64 |    65 |    22 ||   151
Block: Buckler           |    22 |    40 |    20 ||    82

Table legend: (Time is in decaauts)
 A = Elapsed time spent in this place.
 B = Non-inter-level travel time spent in this place.
 C = Inter-level travel time spent in this place.
 D = Time resting spent in this place.
 E = Time spent auto-exploring this place.
 F = Levels seen in this place.
 G = Mean time per level.
                   A        B        C        D        E       F      G
               +--------+--------+--------+--------+--------+-----+--------+
         Total |   5286 |   5266 |     20 |   1149 |   2925 |   6 |  881.0 |
       Dungeon |   5286 |   5266 |     20 |   1149 |   2925 |   6 |  881.0 |
               +--------+--------+--------+--------+--------+-----+--------+

Top non-repeatable levels by time:
     D:6: 1005 daAuts
     D:3: 973 daAuts
     D:1: 937 daAuts
     D:5: 926 daAuts
     D:2: 873 daAuts
     D:4: 568 daAuts
